Unix NetHack Version 5.0.0-0 post-release - last build Jun 10 2026 00:39:30 (3ee93aec679c4c4259841fe613dc97188e26a321,branch:main).

Game began 2026-06-15 12:50:36, ended 2026-06-16 11:31:20.

FutureTim, lawful female human Valkyrie

                                                                 ---
                                                               ---.--
                                                               |....---
                                                               |.......
                                                               -.^@ ...
                                                              .........
                                                              ........*
                                                               ........
                                                                .......
                                                                ...<...
                                                                .......
                                                               .*.....
                                                              ..-....
                                                              ......
                                                              .......
                                                               .......
                                                                 .....
                                                                 .....
                                                                 ....|
                                                                 -..-
                                                                  --
FutureTim the Fighter       St:18/03 Dx:15 Co:18 In:9 Wi:10 Ch:8  Lawful
Dlvl:7  $:121 HP:0(71) Pw:14(14) AC:1  Xp:7 T:4690  Satiated Blind Deaf

Latest messages:
 You feel less concerned about becoming petrified.
 You attack thin air.
 What do you want to use or apply? [lopABDG or ?*] l
 Your lamp is now on.
 You no longer feel secure from petrification.
 The fox misses!
 The fox misses!
 The fox misses!
 You kill the fox!
 Zogthos of Akhuza throws an orcish dagger!
 The orcish dagger misses Ugrisog of Akhuza.
 The orcish dagger misses it.
 Clonk!
 Ugrisog of Akhuza picks up an orcish dagger.
 You descend the stairs.
 What do you want to use or apply? [lopABDG or ?*] l
 Your lamp is now off.
 What do you want to use or apply? [lopABDG or ?*] l
 Your lamp is now on.
 The Uruk-hai drinks a potion of speed!
 The Uruk-hai is suddenly moving faster.
 You hit the Uruk-hai!
 The Uruk-hai wields an orcish short sword!
 The gnome wields an aklys!
 The gnome secures the tether on the aklys.
 You hit the Uruk-hai!
 You feel more confident in your weapon skills.
 You kill the Uruk-hai!
 You hear crashing rock.
 You hit the gnome!
 You kill the gnome!
 The gnome lord picks up an aklys.
 You are momentarily blinded by a flash of light!
 You hear a deafening roar!
 It butts!
 It bites!
 Wait!  There's something there you can't see!
 You hit it.
 It just misses!
 It bites!
 It hits!
 You kill it!
 It butts!
 It bites!
 You die...
 Do you want your possessions identified? [ynq] (y) n
 Do you want to see your attributes? [ynq] (y) n
 Do you want an account of creatures vanquished? [ynaq] (y) n
 Do you want to see your conduct and achievements? [ynq] (y) n
 Do you want to see the dungeon overview? [ynq] (y) n

Inventory:
 Coins    ('$')
  $ - 121 gold pieces
 Amulets  ('"')
  E - an uncursed amulet of strangulation
 Weapons  (')')
  F - a +0 shuriken
  b - a +0 dagger (alternate weapon; not wielded)
  w - a +1 spear (weapon in right hand)
 Armor    ('[')
  k - a cursed -1 pair of fumble boots
  y - an uncursed +0 pair of iron shoes (being worn)
  c - an uncursed burnt +3 small shield (being worn)
  g - an uncursed +0 scale mail (being worn)
 Comestibles  ('%')
  d - 5 uncursed food rations
  v - 2 cursed food rations
 Scrolls  ('?')
  C - 4 uncursed scrolls of blank paper
  t - a cursed scroll of enchant armor
  m - 2 uncursed scrolls of identify
  r - a cursed scroll of identify
  H - an uncursed scroll of magic mapping
  I - a cursed scroll of teleportation
 Spellbooks  ('+')
  G - an uncursed spellbook of confuse monster
 Potions  ('!')
  h - an uncursed potion of gain energy
  z - a blessed potion of healing
  B - a blessed potion of oil
  e - an uncursed potion of sleeping
  i - an uncursed potion of water
  j - an uncursed potion of water
  n - an uncursed potion of water
 Rings    ('=')
  s - an uncursed ring of stealth
 Wands    ('/')
  o - a wand of make invisible (0:5)
 Tools    ('(')
  D - an uncursed brass lantern
  l - an uncursed oil lamp (lit)
  p - an uncursed towel
  A - a cursed wax candle

FutureTim the Valkyrie's attributes:

Background:
 You were a Fighter, a level 7 human Valkyrie.
 You were lawful, on a mission for Tyr
 who was opposed by Odin (neutral) and Loki (chaotic).
 You were right-handed.
 You were in the Gnomish Mines, on level 7.
 You entered the dungeon 4690 turns ago.
 There was a new moon in effect when your adventure ended.
 You had 916 experience points, 364 more were needed to attain level 8.

Basics:
 You had 0 out of 71 hit points.
 You had all 14 energy points (spell power).
 Your armor class was 1.
 Your wallet contained 121 zorkmids.
 Autopickup was off.

Final Characteristics:
 Your strength was 18/03 (limit:18/100).
 Your dexterity was 15 (peak:16, limit:18).
 Your constitution was 18 (limit:18).
 Your intelligence was 9 (limit:18).
 Your wisdom was 10 (limit:18).
 Your charisma was 8 (limit:18).

Final Status:
 You were temporarily blind.
 You were deaf.
 You were satiated.
 You were unencumbered.
 You were wielding a spear.
 You were skilled in spear and could have enhanced that.

Final Attributes:
 You were piously aligned.
 You were cold resistant.
 You were stealthy.
 You were warded.
 You were fast.
 You are dead.

Miscellaneous:
 You didn't encounter any bones levels.
 Total elapsed playing time was 1 hour, 58 minutes and 12 seconds.

Major events:
 Turn
    1: FutureTim the lawful human Valkyrie entered the dungeon
 1302: attained the rank of Skirmisher (level 3)
 1603: entered the Gnomish Mines
 2870: attained the rank of Fighter (level 6)
 3542: entered Sokoban
 4494: reached Mine Town
 4690: killed by a mumak

You didn't know any spells.

Skills:
 Fighting Skills
   bare handed combat [Unskilled]
   two weapon combat  [Unskilled]
   riding             [Unskilled]
 Weapon Skills
   dagger             [Basic]
   axe                [Unskilled]
   pick-axe           [Unskilled]
   short sword        [Unskilled]
   broadsword         [Unskilled]
   long sword         [Unskilled]
   two-handed sword   [Unskilled]
   saber              [Unskilled]
   hammer             [Unskilled]
   quarterstaff       [Unskilled]
   polearms           [Unskilled]
   spear              [Skilled]
   trident            [Unskilled]
   lance              [Unskilled]
   sling              [Unskilled]
 Spellcasting Skills
   attack spells      [Unskilled]
   escape spells      [Unskilled]

Voluntary challenges:
 Character rerolling was not enabled.
 You never genocided any monsters.
 You never polymorphed an object.
 You never changed form.
 You used no wishes.
 You did not violate any of the special Sokoban rules.
Achievements:
 You entered a shop.
 You attained the rank of Skirmisher.
 You entered the Gnomish Mines.
 You attained the rank of Fighter.
 You entered Sokoban.
 You entered Minetown.

 The Dungeons of Doom: levels 1 to 8
    Level 1:
    Level 2:
       A potion shop.
    Level 3:
       A potion shop.
       Stairs down to The Gnomish Mines.
    Level 4:
       A general store, a grave.
    Level 5:
       A fountain.
       Oracle of Delphi.
    Level 6:
       A general store.
       Stairs up to Sokoban, level 5.
    Level 7:
       A sink.
    Level 8:
 The Gnomish Mines: levels 4 to 7
    Level 4:
    Level 5:
    Level 6:
       A fountain.
    Level 7: <- You were here.
       Final resting place for
          you, killed by a mumak.
 Sokoban:
    Level 5:
       Unsolved.


Vanquished creatures:
  a small mimic
  a dwarf mummy
  a lizard
  a jaguar
  a blue jelly
  a dust vortex
  2 human zombies
 an Uruk-hai
  2 rock piercers
  a rock mole
  2 ponies
  a shrieker
  9 gnome leaders
  a gnomish wizard
  a gray ooze
  a ghoul
  a straw golem
  a paper golem
  a giant ant
  a little dog
  2 kittens
  a dwarf
  a homunculus
  a kobold leader
  a kobold shaman
  2 hill orcs
  a centipede
  2 orc zombies
  2 dwarf zombies
  2 iguanas
  a killer bee
  a gas spore
  a hobbit
  3 manes
  a hobgoblin
  2 brown molds
  2 yellow molds
 20 gnomes
  4 garter snakes
  7 jackals
  a fox
  a goblin
  2 sewer rats
 10 grid bugs
  6 bats
  3 lichens
  a kobold zombie
  4 newts
116 creatures vanquished.

No species were genocided or became extinct.

Game over:
                       ----------
                      /          \
                     /    REST    \
                    /      IN      \
                   /     PEACE      \
                  /                  \
                  |    FutureTim     |
                  |      121 Au      |
                  |   killed by a    |
                  |      mumak       |
                  |                  |
                  |                  |
                  |       2026       |
                 *|     *  *  *      | *
        _________)/\\_//(\/(/\)/\//\/|_)_______

Farvel FutureTim the Valkyrie...

You died in The Gnomish Mines on dungeon level 7 with 4213 points,
and 121 pieces of gold, after 4690 moves.
You were level 7 with a maximum of 71 hit points when you died.

